 Dungeon Crawl Stone Soup version 0.29.1-12-g30fa7ad0bf (webtiles) character file.

Game seed: 18426372306655682218

227 112233 the Magician (level 5, -4/28 HPs)
             Began as a Deep Elf Ice Elementalist on Dec 18, 2022.
             Was an Initiate of Vehumet.
             Slain by a phantom (7 damage)
             ... on level 3 of the Dungeon.
             The game lasted 00:03:21 (3809 turns).

112233 the Magician (Deep Elf Ice Elementalist)     Turns: 3809, Time: 00:03:22

Health: -4/28      AC:  2    Str:  5      XL:     5   Next: 70%
Magic:  6/16       EV: 12    Int: 22      God:    Vehumet [......]
Gold:   32         SH:  0    Dex: 14 (15) Spells: 6/17 levels left

rFire   . . .      SeeInvis .   f - +2 mace (vorpal)
rCold   . . .      Faith    .   (no shield)
rNeg    . . .      Spirit   .   a - +0 robe
rPois   .          Reflect  .   (no helmet)
rElec   .          Harm     .   (no cloak)
rCorr   .          Rampage  .   (no gloves)
Will    .....                   (no boots)
Stlth   ++........              (no amulet)
HPRegen 0.09/turn               (no ring)
MPRegen 0.15/turn               (no ring)

@: no status effects
A: no striking features
a: Renounce Religion


You were on level 3 of the Dungeon.
You worshipped Vehumet.
Vehumet was noncommittal.
You visited 1 branch of the dungeon, and saw 5 of its levels.

You collected 92 gold pieces.
You spent 60 gold pieces at shops.

Inventory:

Hand Weapons
 d - a +0 short sword
 f - a +2 vorpal mace (weapon)
Armour
 a - a +0 robe (worn)
 l - a +0 pair of gloves
Jewellery
 o - a ring of flight
Scrolls
 e - a scroll of brand weapon
 g - 2 scrolls of identify
 j - 2 scrolls of teleportation
 n - a scroll of fear
Potions
 b - a potion of magic
 c - a potion of invisibility {unknown}
 h - a potion of curing
 i - a potion of berserk rage {unknown}
 k - a potion of mutation {unknown}
 m - a potion of heal wounds {unknown}


   Skills:
 - Level 2.7 Dodging
 - Level 2.7 Stealth
 * Level 6.6 Spellcasting
 + Level 5.6 Ice Magic


You had 6 spell levels left.
You knew the following spells:

 Your Spells              Type           Power      Damage    Failure   Level
a - Freeze                Ice            100%       1d11      1%          1
b - Frozen Ramparts       Ice            64%        1d10      2%          3
c - Ozocubu's Armour      Ice            32%        N/A       2%          3
d - Hailstorm             Conj/Ice       19%        3d6       26%         4

Your spell library contained the following spells:

 Spells                   Type           Power      Damage    Failure   Level


Dungeon Overview and Level Annotations

Branches:
Dungeon (5/15)
 Temple: D:4-7

Altars:
Nemelex Xobeh
Ru
Uskayaw
Vehumet

Shops:
D:2 ?   D:4 ?

Annotations:
D:2 1 runed translucent door, Crazy Yiuf
D:3 Grinder
D:4 exclusion: downstairs
D:5 Blork the orc


Message History

Casting: Freeze (safe; 1% risk of failure)
Confirm with . or Enter, or press ? or * to list all spells.
Aiming: Freeze (safe; 1% risk of failure)
Press: ? - help, Shift-Dir - straight line, f/p - phantom
Aim: a phantom (heavily damaged)
You freeze the phantom.
The phantom resists.
The phantom is heavily damaged.
The phantom hits you.
Unknown command.
You hit the phantom.
The phantom is severely damaged.
The phantom hits you.
The phantom blinks!
You blink.
You hit the phantom.
The phantom is severely damaged.
The phantom barely misses you. The phantom closely misses you.
You miss the phantom.
The phantom is severely damaged.
The phantom barely misses you.
You barely miss the phantom. Your punch misses the phantom.
The phantom is severely damaged.
The phantom barely misses you.
You hit the phantom.
The phantom is almost destroyed.
The phantom barely misses you.
The phantom hits you but does no damage.
You completely miss the phantom.
The phantom is almost destroyed.
The phantom hits you.
The phantom blinks!
You blink.
The phantom hits you but does no damage.
You hit the phantom but do no damage.
The phantom is almost destroyed.
The phantom hits you!
* * * LOW HITPOINT WARNING * * *
The phantom hits you.
* * * LOW HITPOINT WARNING * * *
The phantom blinks!
You blink.
You barely miss the phantom.
The phantom is almost destroyed.
The phantom hits you!
You die...

################
##...#..........#
##..............:#
#............:...##
#...@.......#.......
########...W.......#######..
##.....##....................
##................###....####.
#........>.....8..ยง_...8.# ##
#..................).....# ##
#..<....)......8.......8.# ...
#......>.................#....
#..............8.......8......


You could see a phantom.

Vanquished Creatures
  An orc priest (D:3)
  Natasha (thrice) (D:2)
  2 orc wizards
  An adder (D:2)
  A worm (D:2)
  A dart slug (D:1)
  8 orcs
  5 endoplasms
  2 giant cockroaches (D:3)
  6 goblins
  4 hobgoblins
  4 kobolds
  4 quokkas
  5 ball pythons
  3 bats
  2 frilled lizards (D:1)
  3 rats
55 creatures vanquished.

Notes
Turn   | Place    | Note
-------+----------+-------------------------------------------
     0 | D:1      | 112233 the Deep Elf Ice Elementalist began the quest for
                  | the Orb.
     0 | D:1      | Reached XP level 1. HP: 10/10 MP: 6/6
   164 | D:1      | Reached XP level 2. HP: 7/15 MP: 4/8
  1150 | D:2      | Noticed Natasha
  1155 | D:2      | Noticed a crimson imp
  1155 | D:2      | Killed Natasha
  1156 | D:2      | Reached skill level 4 in Spellcasting
  1156 | D:2      | Reached XP level 3. HP: 16/19 MP: 5/10
  1160 | D:2      | Learned a level 3 spell: Frozen Ramparts
  1310 | D:2      | Found a runed translucent door.
  1311 | D:2      | Noticed Crazy Yiuf
  1408 | D:1      | Reached skill level 5 in Spellcasting
  1408 | D:1      | Reached skill level 5 in Ice Magic
  1408 | D:1      | Reached XP level 4. HP: 10/24 MP: 7/13
  1783 | D:2      | Found a radiant altar of Vehumet.
  1793 | D:2      | Found Quiluant's Magic Scroll Shoppe.
  1806 | D:2      | Became a worshipper of Vehumet
  1846 | D:2      | Noticed Natasha
  1852 | D:2      | Learned a level 3 spell: Ozocubu's Armour
  1855 | D:2      | Killed Natasha
  2027 | D:2      | Learned a level 4 spell: Hailstorm
  2218 | D:2      | Noticed Natasha
  2225 | D:2      | Killed Natasha
  2226 | D:2      | Reached XP level 5. HP: 3/28 MP: 10/15
  2911 | D:3      | Noticed a phantom
  3048 | D:3      | Noticed Grinder
  3055 | D:3      | Paralysed by Grinder for 5 turns
  3064 | D:3      | Paralysed by Grinder for 5 turns
  3071 | D:3      | Paralysed by Grinder for 3 turns
  3287 | D:4      | Reached skill level 6 in Spellcasting
  3331 | D:5      | Entered Level 5 of the Dungeon
  3342 | D:5      | Noticed Blork the orc
  3416 | D:4      | Found Wupulegh's Magic Scroll Emporium.
  3425 | D:4      | Bought a scroll of teleportation for 30 gold pieces
  3425 | D:4      | Bought a scroll of teleportation for 30 gold pieces
  3471 | D:3      | Found a hide-covered altar of Uskayaw.
  3535 | D:3      | Found a sparkling altar of Nemelex Xobeh.
  3623 | D:3      | Found a sacrificial altar of Ru.
  3809 | D:3      | Slain by a phantom

Illustrated notes

Levels and vault maps discovered:
D:1:      scummos_arrival_star, layout_loops_cross, st_stairs_14
D:2:      minmay_angry_zag, layout_loops_ring, basic_altar, serial_shops, shop,
          serial_park_tiny_1, uniq_crazy_yiuf_cottage, uniq_natasha
D:3:      layout_rooms, eat_drink_and_be_merry_uskayaw,
          mainiacjoe_overflow_surrounded_room, hangedman_ru_absence,
          mainiacjoe_overflow_swirl, chequers_serial_rivers_room_b, uniq_grinder
D:4:      layout_loops_cross, nicolae_overflow_crystal_walls, lemuel_tele_altar,
          serial_shops, shop, kennysheep_mini_moat, nicolae_stop_n_shop_2
D:5:      layout_rooms, minmay_temple_entry_mist, uniq_blork_the_orc

Skill      XL: |  1  2  3  4  5 |
---------------+----------------+-----
Spellcasting   | 4 5 6 |  6.6
Ice Magic      | 5 |  5.6
Dodging        | |  2.7
Stealth        | |  2.7

Action                   |  1- 3 |  4- 6 || total
-------------------------+-------+-------++-------
Melee: Unarmed           |     1 |       ||     1
       Mace              |     6 |    15 ||    21
 Cast: Freeze            |    34 |    50 ||    84
       Frozen Ramparts   |       |     5 ||     5
       Ozocubu's Armour  |       |     2 ||     2
Evoke: Wand              |       |     2 ||     2
  Use: Potion            |     2 |     1 ||     3
       Scroll            |       |     3 ||     3
 Stab: Sleeping          |     2 |     1 ||     3
Armor: Robe              |     4 |    14 ||    18
Dodge: Dodged            |    13 |    36 ||    49
